 Dungeon Crawl Stone Soup version 0.30-a0-782-ge64f9170bb (webtiles) character file.

Game seed: 622048356223738499

95 avis the Shooter (level 4, 0/36 HPs)
             Began as a Demigod Hunter on Feb 18, 2023.
             Slain by a jackal (2 damage)
             ... on level 2 of the Dungeon.
             The game lasted 00:11:48 (2010 turns).

avis the Shooter (Demigod Hunter)                   Turns: 2010, Time: 00:11:48

Health: 0/36       AC:  2    Str: 12    XL:     4   Next: 17%
Magic:  6/6        EV: 13    Int: 11    God:
Gold:   97         SH:  0    Dex: 27    Spells: 3/3 levels left

rFire   . . .      SeeInvis .    b - +0 shortbow
rCold   + . .      Faith    .    (shield currently unavailable)
rNeg    . . .      Spirit   .    d - +0 robe {rC+}
rPois   .          Reflect  .    (no helmet)
rElec   .          Harm     .    (no cloak)
rCorr   .          Rampage  .    (no gloves)
Will    .....                    (no boots)
Stlth   +++                      (no amulet)
HPRegen 0.26/turn                l - +6 ring of dexterity
MPRegen 0.10/turn                (no ring)

@: no status effects
A: high MP 1, forlorn, divine attributes
a: no special abilities


You were on level 2 of the Dungeon.
You visited 1 branch of the dungeon, and saw 3 of its levels.

You collected 97 gold pieces.

Inventory:

Hand Weapons
 a - a +2 dagger of flaming
 b - a +0 shortbow (weapon)
 m - a +0 short sword
 w - a +0 long sword
Missiles
 j - a throwing net
Armour
 c - a +0 leather armour
 d - a +0 robe of cold resistance (worn)
Jewellery
 l - a +6 ring of dexterity (left hand)
Scrolls
 g - a scroll of immolation
 h - a scroll of vulnerability {unknown}
 k - a scroll of magic mapping {unknown}
 o - a scroll of silence {unknown}
 p - a scroll of acquirement {unknown}
 q - a scroll of amnesia {unknown}
Potions
 e - a potion of curing
 f - a potion of mutation {unknown}
 i - a potion of might {unknown}
 n - a potion of haste {unknown}


   Skills:
 - Level 2.0 Fighting
 - Level 5.0 Ranged Weapons
 - Level 2.0 Dodging
 * Level 1.8 Stealth


You had 3 spell levels left.
You didn't know any spells.
Your spell library contained the following spells:

 Spells                   Type           Power      Damage    Failure   Level
 Ensorcelled Hibernation  Hex/Ice        0%         N/A       47%         2
 Passwall                 Tmut/Erth      0%         N/A       47%         2
 Swiftness                Air            0%         N/A       71%         3


Dungeon Overview and Level Annotations

Branches:
Dungeon (3/15)

Annotations:
D:2 Ijyb
D:3 Robin


Innate Abilities, Weirdness & Mutations

You have an increased reservoir of magic. (+10% MP)
You shall have no god before yourself.
Your divine heritage dramatically boosts your attributes as you level up.


Message History

Aim: Ijyb, wielding a +0 club, wearing a +0 leather armour and carrying a wand of flame (18) (heavily wounded, strong, 62% to hit)
You shoot an arrow. The arrow closely misses Ijyb.
The jackal barely misses you. The hobgoblin closely misses you.
Ijyb hits you with a +0 club! The jackal misses you.
Fire: b) +0 shortbow
Press: ? - help, Q - select action, (/) - cycle Shift-Dir - straight line, f/p - Ijyb
Aim: Ijyb, wielding a +0 club, wearing a +0 leather armour and carrying a wand of flame (18) (heavily wounded, strong, 62% to hit)
You shoot an arrow. The arrow hits Ijyb but does no damage.
Ijyb is heavily wounded.
The hobgoblin hits you.
* * * LOW HITPOINT WARNING * * *
Ijyb zaps a wand.
The puff of flame misses you. The jackal bites you.
* * * LOW HITPOINT WARNING * * *
The hobgoblin closely misses you. Ijyb hits you with a +0 club!
* * * LOW HITPOINT WARNING * * *
It was a potion of curing.
You feel better. The jackal barely misses you. x2
Ijyb hits you with a +0 club!
* * * LOW HITPOINT WARNING * * *
The hobgoblin closely misses you.
You feel better. The jackal closely misses you.
The hobgoblin closely misses you. Ijyb hits you with a +0 club.
* * * LOW HITPOINT WARNING * * *
Fire: b) +0 shortbow
Press: ? - help, Q - select action, (/) - cycle Shift-Dir - straight line, f/p - Ijyb
Aim: Ijyb, wielding a +0 club, wearing a +0 leather armour and carrying a wand of flame (17) (heavily wounded, strong, 62% to hit)
You shoot an arrow. The arrow hits Ijyb but does no damage.
Ijyb is heavily wounded.
The hobgoblin no longer looks unusually strong.
The jackal barely misses you. The jackal bites you.
* * * LOW HITPOINT WARNING * * *
Ijyb completely misses you. The hobgoblin closely misses you.
Fire: b) +0 shortbow
Press: ? - help, Q - select action, (/) - cycle Shift-Dir - straight line, f/p - Ijyb
Aim: Ijyb, wielding a +0 club, wearing a +0 leather armour and carrying a wand of flame (17) (heavily wounded, strong, 62% to hit)
You shoot an arrow. The arrow closely misses Ijyb.
The jackal bites you but does no damage.
The hobgoblin hits you.
* * * LOW HITPOINT WARNING * * *
Ijyb barely misses you. The jackal bites you.
You die...

##.###.######...#
#<#
#...##..........#
#.#
..^....######...#
#.#
#...##.#######.##
#.#
....##.##.......##
#.#
##........####...#
#.# #.###.####
##..## #.# #.# #.#
#)g.# #.# #.# #.#
##@g# #.# ##.###.#
#)h# #.# .......#
#..# #.# ....####
#..# #.# ♣.#.# #..#
#.## ♣.#.# ### #.>#
#..# ♣.#.#
##.###..# ##.#
..#.#
##.#.##..########.#
..#.#
#.###.............#


You could see Ijyb (strong), a jackal and a hobgoblin.

Vanquished Creatures
  Jessica (D:2)
  An adder (D:2)
  A shadow imp (D:2)
  2 dart slugs
  4 ball pythons
  4 endoplasms
  4 giant cockroaches
  7 goblins
  5 hobgoblins
  A quokka (D:2)
  7 bats
  3 frilled lizards (D:1)
  3 kobolds (D:2)
  5 rats (D:2)
48 creatures vanquished.

Vanquished Creatures (others)
  17 demonic plants (D:2)
  9 fungi (D:2)
  12 plants
  2 withered plants (D:2)
40 creatures vanquished.

Grand Total: 88 creatures vanquished

Notes
Turn   | Place    | Note
-------+----------+-------------------------------------------
     0 | D:1      | avis the Demigod Hunter began the quest for the Orb.
     0 | D:1      | Reached XP level 1. HP: 17/17 MP: 3/3
   375 | D:1      | Reached skill level 4 in Ranged Weapons
   433 | D:1      | Reached XP level 2. HP: 24/24 MP: 4/4
  1009 | D:2      | Upgraded the game from 0.30-a0-779-g7971cf19c3 to
                  | 0.30-a0-782-ge64f9170bb
  1092 | D:2      | Reached XP level 3. HP: 29/29 MP: 5/5
  1764 | D:3      | Noticed Jessica
  1769 | D:2      | Killed Jessica
  1770 | D:2      | Reached skill level 5 in Ranged Weapons
  1770 | D:2      | Reached skill level 1 in Stealth
  1826 | D:2      | Reached XP level 4. HP: 19/36 MP: 6/6
  1921 | D:3      | Noticed Robin
  1923 | D:3      | Noticed Ijyb
  2006 | D:2      | HP: 1/36 [Ijyb/+0 club (7)]
  2010 | D:2      | Slain by a jackal

Illustrated notes

Levels and vault maps discovered:
D:1:      giann_bridges, layout_loops_corners, serial_bayou_lake_a
D:2:      layout_loops_ring, shapermc_ecumenical_altar_gd,
          minmay_stone_trees_small, nicolae_concentric_dashed_squares_wild,
          nicolae_figureground_pulse
D:3:      layout_rooms, serial_shops,
          nicolae_shop_temple_entry_statues_fountains, minmay_door_square,
          guppyfry_early_lair_pool, uniq_robin, uniq_jessica, uniq_ijyb

Skill      XL: |  1  2  3 |
---------------+----------+-----
Fighting       | 2 |  2.0
Ranged Weapons | 4 5 |  5.0
Dodging        | 2 |  2.0
Stealth        | 1 |  1.8

Action                     |  1- 3 |  4- 6 || total
---------------------------+-------+-------++-------
   Fire: Shortbow          |    97 |    16 ||   113
    Use: Potion            |       |     2 ||     2
 Armour: Robe              |     7 |     4 ||    11
  Dodge: Dodged            |    30 |    29 ||    59

Table legend: (Time is in decaauts)
 A = Elapsed time spent in this place.
 B = Non-inter-level travel time spent in this place.
 C = Inter-level travel time spent in this place.
 D = Time resting spent in this place.
 E = Time spent auto-exploring this place.
 F = Levels seen in this place.
 G = Mean time per level.
                   A        B        C        D        E       F      G
               +--------+--------+--------+--------+--------+-----+--------+
         Total |   2070 |   1977 |     93 |    178 |   1417 |   3 |  690.0 |
       Dungeon |   2070 |   1977 |     93 |    178 |   1417 |   3 |  690.0 |
               +--------+--------+--------+--------+--------+-----+--------+

Top non-repeatable levels by time:
     D:2: 1066 daAuts
     D:1: 956 daAuts
     D:3: 48 daAuts
